 Dungeon Crawl Stone Soup version 0.22-a0-305-gd21a89c (webtiles) character file.

343300 grizmgrazm2 the Imperceptible (level 21, -7/144 HPs)
             Began as a Vampire Enchanter on Mar 31, 2018.
             Was the Champion of Kikubaaqudgha.
             Killed from afar by a tengu reaver (22 damage)
             ... with a bolt of lightning
             ... on level 2 of the Depths.
             The game lasted 04:26:20 (68812 turns).

grizmgrazm2 the Imperceptible (Vampire Enchanter)  Turns: 68812, Time: 04:26:20

Health: -7/144     AC: 26    Str: 20      XL:     21   Next: 12%
Magic:  37/37      EV: 23    Int: 22 (25) God:    Kikubaaqudgha [******]
Gold:   405        SH: 16    Dex: 29      Spells: 9/45 levels left

rFire    + + .     SeeInvis +   l - +9 short sword of Xustriobb {venom, Str+5 Dex+2 SInv}
rCold    . . .     Gourm    .   B - +3 buckler {AC+3}
rNeg     + + +     Faith    .   z - +6 fire dragon scales of Submission {rF++ rC- rN+ Dex+4}
rPois    +         Spirit   .   c - +2 hat
rElec    .         Reflect  +   N - +0 cloak "Ubiticw" {Dex+3}
rCorr    .         Harm     .   e - +2 pair of gloves
MR       ++...                  s - +2 pair of boots
Stlth    +++++++++.             b - +6 amulet of reflection
HPRegen  0.17/turn              r - +5 ring of dexterity
MPRegen  0.25/turn              o - +6 ring of strength

@: regenerating slowly, studying Short Blades
A: fangs 3, see invisible, frail 1, unbreathing, inability to use devices,
inability to train armour
}: 2/15 runes: decaying, gossamer
a: Bat Form, Receive Corpses, Torment, Renounce Religion


You were on level 2 of the Depths.
You worshipped Kikubaaqudgha.
Kikubaaqudgha was exalted by your worship.
You were near bloodless.

You visited 7 branches of the dungeon, and saw 35 of its levels.
You visited the Abyss 1 time.
You also visited: Trove and Ice Cave.

You collected 3799 gold pieces.
You spent 3394 gold pieces at shops.

Inventory:

Hand Weapons
 a - a +8 dagger of flaming
 l - the +9 short sword of Xustriobb (weapon) {venom, Str+5 Dex+2 SInv}
   (You found it on level 1 of the Elven Halls)

   It poisons the flesh of those it strikes.
   It affects your strength (+5).
   It affects your dexterity (+2).
   It lets you see invisible.
 E - a +5 antimagic dagger
Armour
 c - a +2 hat (worn)
 e - a +2 pair of gloves (worn)
 s - a +2 pair of boots (worn)
 z - the +6 fire dragon scales of Submission (worn) {rF++ rC- rN+ Dex+4}
   (You found it in an ice cave)

   It affects your dexterity (+4).
   It greatly protects you from fire.
   It makes you vulnerable to cold.
   It protects you from negative energy.
 B - a +3 buckler of protection (worn)
 N - the +0 cloak "Ubiticw" (worn) {Dex+3}
   (You found it in a treasure trove)

   It affects your dexterity (+3).
Jewellery
 b - a +6 amulet of reflection (around neck)
 d - a +4 ring of evasion
 g - a +5 ring of intelligence
 m - a +4 ring of protection
 o - a +6 ring of strength (right hand)
 p - an uncursed ring of resist corrosion
 r - a +5 ring of dexterity (left hand)
 u - a +2 ring of slaying
 w - an uncursed ring of stealth
 y - a +4 ring of dexterity
 F - an uncursed ring of fire
 H - an uncursed ring of poison resistance
Scrolls
 h - 7 scrolls of identify
 i - 5 scrolls of teleportation
 n - 16 scrolls of remove curse
 q - 2 scrolls of brand weapon
 v - 7 scrolls of fear
 x - a scroll of fog
 G - a scroll of amnesia
Potions
 j - 2 potions of cancellation
 k - 16 potions of blood
 t - 3 potions of curing
 A - a potion of invisibility
 C - 2 potions of ambrosia
Books
 f - a manual of Short Blades


   Skills:
 + Level 12.5 Fighting
 + Level 15.1 Short Blades
 + Level 14.0 Dodging
 + Level 24.0 Stealth
 - Level 4.0 Shields
 * Level 12.8 Spellcasting
 - Level 11.9 Hexes
 * Level 17.9 Necromancy
 - Level 6.0 Ice Magic
 + Level 4.1 Earth Magic


You had 9 spell levels left.
You knew the following spells:

 Your Spells              Type           Power        Failure   Level  Hunger
a - Corona                Hex            ######.      1%          1    None
b - Ensorcelled Hibernat  Hex/Ice        ######       1%          2    None
c - Confuse               Hex            ######..     1%          3    None
d - Tukima's Dance        Hex            ######..     1%          3    None
e - Infestation           Necr           #######...   56%         8    #######
f - Animate Dead          Necr           N/A          1%          4    None
g - Dispel Undead         Necr           #######.     1%          5    ###....
h - Agony                 Necr           #######.     1%          5    ###....
i - Borgnjor's Vile Clut  Necr/Erth      ######....   4%          5    ###....


Dungeon Overview and Level Annotations

Branches:
Dungeon (15/15)            Temple (0/1) D:4            Lair (6/6) D:9
  Swamp (4/4) Lair:4       Spider (4/4) Lair:2        Slime (0/5) Lair:6
    Orc (2/2) D:11            Elf (2/3) Orc:2        Vaults (0/5) D:13
 Depths (2/5) D:15

Altars:
Ashenzari
Fedhas
Gozag
Hepliaklqana
Kikubaaqudgha
Nemelex Xobeh
Okawaru
Ru
Vehumet
Yredelemnul
The Shining One
Beogh

Shops:
D:12 *   D:15 }   Orc:2 (!:%=   Elf:1 ?   Depths:1 }}=

Portals:
Hell: Depths:1 Depths:2
Abyss: Depths:2

Annotations:
Lair:3 exclusion: oklob plant


Innate Abilities, Weirdness & Mutations

You heal slowly.
You have razor-sharp teeth.
You have supernaturally acute eyesight. (SInv)
You are frail. (-10% HP)
You can survive without breathing.
You cannot study or use magical devices.
You cannot train Armour skill.


Message History

The boggart shouts!
Things that are here:
a dagger; a robe You see here a robe.
Things that are here:
an iridescent hand axe {freeze}; a potion of mutation The tengu reaver looks more healthy.
The boggart mumbles some strange words.
The boggart flickers and vanishes for a moment.
Things that are here:
a dagger; a robe The tengu reaver casts a spell at you.
The bolt of lightning misses you. The tengu reaver casts a spell at you.
The bolt of lightning hits you!
* * * LOW HITPOINT WARNING * * *
The tengu reaver casts a spell at you. The bolt of lightning hits you!
You die...
Kikubaaqudgha rasps: "You have failed me!
Welcome... oblivion!"

##..#.........####......)##.#.g#.
....#.......##.##.....#.##..#...#
...#...#....##........Q##)..#Q...
...#......##.........)##.###V###.
..#.......##.........##.#.(.#....
..#.....##........#.##).#.p##....
...#....##..#......##.D?#.#......
...#..##....#..##.##.###.##......
....#.##....#...@##†#.i.#........
##..#.......#...##..#.W##D.......
..##.##.....#..##...#.#.....)....
...T#.......#.######.##......(...
.##.#.......#..##,..#,*...p.%....
.##.........#...##..*,,##.......*
#.......#####....##,*,,,*.......*
#....####..##.##..##,***,*#..,**,
.....#.....##......##,,,*,*,,,*,*


You could see a tengu reaver.

Vanquished Creatures
  Jorgrun (Spider:4)
  Arachne (Spider:4)
  A sphinx (Depths:2)
  Kirke (D:14)
  Agnes (Elf:1)
  2 thorn hunters
  Gastronok (D:11)
  Donald (Swamp:2)
  2 fire giants (Depths:1)
  3 frost giants
  A deep elf sorcerer (Elf:2)
  An orc warlord (Orc:1)
  5 emperor scorpions
  5 ghost moths
  A juggernaut zombie (Depths:2)
  A deep elf elementalist (Depths:2)
  3 stone giants (Depths:1)
  3 entropy weavers (Spider:2)
  6 very ugly things
  A vampire knight (Depths:1)
  2 deep elf demonologists
  A dire elephant (Lair:5)
  3 spark wasps
  Azrael (Spider:1)
  A deep elf annihilator (Elf:1)
  The ghost of xccam the Severer, a journeyman FoFi of Cheibriados (D:14)
  Snorg (D:11)
  An ettin (Depths:2)
  Josephine (Lair:5)
  2 great orbs of eyes
  5 fire dragons
  A deep elf high priest (Depths:2)
  5 ice dragons
  Erolcha (Orc:1)
  A vault guard (D:13)
  27 hydras
  A ghost crab (Swamp:3)
  A rakshasa (Depths:2)
  7 centaur warriors
  2 catoblepae
  25 dancing weapons
  6 alligators
  2 deep troll shamans
  A queen ant (D:9)
  6 two-headed ogres
  A tengu warrior (Depths:1)
  10 death yaks
  2 vampire magi (Depths:2)
  2 deep troll earth magi (Depths:2)
  An orc high priest (Orc:2)
  A spriggan berserker (Swamp:4)
  8 spriggans
  19 deep elf knights
  Nergalle (D:11)
  4 skeletal warriors
  An iron troll (Depths:1)
  12 swamp dragons
  5 deep trolls
  5 wizards
  A deep troll (shapeshifter) (Depths:2)
  2 shambling mangroves
  8 deep elf archers
  A glowing orange brain (Depths:1)
  2 necromancers (Depths:1)
  The ghost of TheNamelessOne the Cleaver, a novice HOCK of Xom (D:6)
  2 lindwurms (Lair:6)
  A wolf spider zombie (D:15)
  4 orc knights
  A harpy (shapeshifter) (Depths:1)
  28 wolf spiders
  A wolf spider (shapeshifter) (Elf:1)
  15 ugly things
  3 cyclopes
  7 orb spiders
  53 deep elf magi
  4 manticores
  A sphinx zombie (Depths:1)
  3 moths of wrath
  A salamander (shapeshifter) (D:13)
  7 elephants
  An ice statue (IceCv)
  5 black mambas
  2 centaur zombies
  13 spiny frogs
  A spiny frog (shapeshifter) (D:15)
  4 gargoyles
  9 demonic crawlers
  3 rime drakes (Lair:6)
  8 komodo dragons
  9 yaktaurs
  A kobold demonologist (D:13)
  A yaktaur skeleton (Depths:1)
  An efreet (D:15)
  A komodo dragon (shapeshifter) (Depths:2)
  8 trolls
  A queen bee (shapeshifter) (Elf:1)
  The ghost of Borgoz the Skirmisher, an amateur HOAK of Lugonu (D:4)
  15 polar bears
  A meliai (shapeshifter) (Depths:2)
  A tengu conjurer (D:11)
  A jumping spider (shapeshifter) (Elf:2)
  32 jumping spiders
  20 hornets
  Grinder (D:5)
  11 tyrant leeches
  8 bog bodies
  9 hippogriffs
  Prince Ribbit (Lair:3)
  A deep troll zombie (Depths:1)
  7 blink frogs
  A blink frog (shapeshifter) (Depths:2)
  17 slime creatures
  A meliai zombie (D:15)
  7 dream sheep (Lair:6)
  A centaur simulacrum (D:15)
  7 wraiths
  30 tarantellas
  2 water elementals
  A spriggan (shapeshifter) (Depths:1)
  4 shadows
  An air elemental (Elf:2)
  2 vampires
  3 wyverns
  66 redbacks
  40 yaks
  3 basilisks
  A hungry ghost (D:11)
  5 steam dragons
  30 vampire mosquitoes
  Edmund (D:5)
  10 insubstantial wisps (Swamp:3)
  21 swamp worms
  14 water moccasins
  4 acid dragons
  7 soldier ants (D:9)
  10 porcupines
  A hell hound (Spider:1)
  3 sky beasts
  A hornet zombie (D:13)
  An ice dragon simulacrum (Depths:1)
  49 orc warriors
  14 swamp drakes
  4 ice beasts
  A black bear (D:12)
  2 phantoms
  2 eyes of draining
  5 necrophages (Lair:4)
  A wolf (shapeshifter) (Depths:2)
  7 ogres
  A boggart (Depths:2)
  An eye of draining (shapeshifter) (Depths:1)
  14 wolves (IceCv)
  13 centaurs
  14 crocodiles
  A crocodile (shapeshifter) (Depths:2)
  2 big kobolds
  16 bullfrogs
  2 gnoll sergeants
  A wyvern zombie (D:13)
  A water moccasin zombie (D:8)
  2 earth elementals (Elf:1)
  2 wyvern skeletons
  A water moccasin skeleton (D:6)
  6 scorpions
  A scorpion (shapeshifter) (Depths:1)
  10 killer bees
  3 electric eels
  3 wights (D:13)
  4 howler monkeys
  5 crimson imps
  2 bullfrog zombies
  22 jellies
  A gnoll shaman (D:8)
  20 orc priests
  7 hounds
  7 iguanas
  7 centaur skeletons
  14 orc wizards
  27 worker ants
  A hell rat (Lair:6)
  A hound zombie (D:7)
  A hound skeleton (D:6)
  2 worker ant zombies (D:9)
  16 gnolls
  A howler monkey skeleton (D:7)
  13 adders
  7 shadow imps
  An ooze (D:5)
  2 adder skeletons
  2 dart slugs
  6 leopard geckos
  111 orcs
  6 giant cockroaches
  9 hobgoblins
  7 jackals
  11 kobolds
  4 quokkas
  2 ball pythons
  5 bats
  3 frilled lizards (D:3)
  9 goblins
  A jackal skeleton (D:6)
  3 leopard gecko skeletons
  A quokka skeleton (D:7)
  A quokka zombie (D:5)
  9 rats
1366 creatures vanquished.

Vanquished Creatures (collateral kills)
  A tentacled monstrosity (Swamp:2)
  A glowing orange brain (Depths:1)
  An orb spider (Spider:2)
  2 wolf spiders (Spider:4)
  A torpor snail (Lair:3)
  3 demonic crawlers
  6 jumping spiders
  14 redbacks
  2 tarantellas
  3 fire elementals
  A hell hound (Spider:2)
  A swamp drake (Swamp:4)
36 creatures vanquished.

Vanquished Creatures (others)
  Rupert (Orc:2)
  Nessos (Orc:2)
  A centaur warrior (D:15)
  2 death yaks
  2 deep elf knights (Elf:2)
  A deep elf archer (Elf:2)
  A rime drake (IceCv)
  2 yaktaurs
  4 polar bears (IceCv)
  2 redbacks
  A human (D:14)
  A swamp worm (Swamp:4)
  A swamp drake (Swamp:4)
  3 orc warriors
  2 wolves (IceCv)
  5 centaurs
  A bullfrog (D:15)
  An orc priest (Orc:2)
  2 gnolls
  6 orcs (Orc:2)
  A kobold (D:8)
  2 briar patches (Swamp:4)
  10 bushes
  8 fungi
  12 plants
73 creatures vanquished.

Grand Total: 1475 creatures vanquished

Notes
Turn   | Place    | Note
-------+----------+-------------------------------------------
     0 | D:1      | grizmgrazm2 the Vampire Enchanter began the quest for the Orb.
     0 | D:1      | Reached XP level 1. HP: 13/13 MP: 3/3
   594 | D:1      | Reached XP level 2. HP: 20/20 MP: 5/5
   731 | D:1      | Learned a level 2 spell: Ensorcelled Hibernation
   813 | D:1      | Reached skill level 5 in Stealth
  1598 | D:1      | Reached XP level 3. HP: 25/25 MP: 4/6
  2111 | D:1      | Learned a level 3 spell: Confuse
  2736 | D:2      | Reached XP level 4. HP: 31/31 MP: 7/7
  2814 | D:2      | Reached skill level 1 in Ice Magic
  3158 | D:2      | Reached skill level 1 in Fighting
  3166 | D:2      | Found a sacrificial altar of Ru.
  3180 | D:2      | Became a worshipper of Ru the Awakened
  3700 | D:3      | Reached skill level 6 in Stealth
  3840 | D:3      | Reached skill level 5 in Hexes
  3840 | D:3      | Reached XP level 5. HP: 37/37 MP: 8/8
  4568 | D:4      | Reached XP level 6. HP: 43/43 MP: 8/10
  4749 | D:4      | Gained mutation: You cannot study or use magical devices. [Ru sacrifice]
  4749 | D:4      | Reached * piety under Ru
  4749 | D:4      | Reached ** piety under Ru
  4806 | D:4      | Noticed Borgoz's ghost (amateur HOAK)
  5066 | D:4      | Killed Borgoz's ghost
  5066 | D:4      | Reached skill level 7 in Stealth
  5066 | D:4      | Reached skill level 1 in Shields
  5412 | D:4      | Found a staircase to the Ecumenical Temple.
  5504 | D:4      | Reached XP level 7. HP: 50/50 MP: 4/11
  5512 | D:4      | Learned a level 3 spell: Tukima's Dance
  5679 | D:5      | Entered Level 5 of the Dungeon
  5703 | D:5      | Found a hazy altar of Hepliaklqana.
  5717 | D:5      | Noticed Edmund
  5728 | D:5      | Killed Edmund
  5796 | D:5      | Reached skill level 8 in Stealth
  5870 | D:5      | Noticed Grinder
  6164 | D:5      | Paralysed by Grinder for 3 turns
  6251 | D:5      | Killed Grinder
  6251 | D:5      | Reached XP level 8. HP: 57/57 MP: 9/13
  6889 | D:6      | Reached skill level 9 in Stealth
  7643 | D:6      | Noticed TheNamelessOne's ghost (novice HOCK)
  7715 | D:6      | Killed TheNamelessOne's ghost
  7715 | D:6      | Reached skill level 10 in Stealth
  7715 | D:6      | Reached XP level 9. HP: 46/64 MP: 3/15
  7960 | D:6      | Found an iron altar of Okawaru.
  7993 | D:6      | Found an ancient bone altar of Kikubaaqudgha.
  8424 | D:6      | Got a bloodstained scale mail
  8435 | D:6      | Identified the +4 scale mail of the Accordion {MR+ Dex+7 Stlth+} (You found it on level 6 of the Dungeon)
  8533 | D:7      | Reached skill level 5 in Dodging
  8714 | D:7      | Gained mutation: You are frail. (-10% HP) [Ru sacrifice]
  8714 | D:7      | Reached *** piety under Ru
  8714 | D:7      | Reached **** piety under Ru
  8714 | D:7      | Reached ***** piety under Ru
  8833 | D:7      | Found a blossoming altar of Fedhas.
  9049 | D:7      | Noticed a troll
  9056 | D:7      | Killed a troll
  9206 | D:7      | Reached skill level 11 in Stealth
  9222 | D:7      | Reached skill level 5 in Short Blades
  9364 | D:8      | Noticed a two-headed ogre
  9382 | D:8      | Killed a two-headed ogre
  9683 | D:8      | Found an opulent altar of Gozag.
  9684 | D:8      | Found an ancient bone altar of Kikubaaqudgha.
  9684 | D:8      | Found a glowing golden altar of the Shining One.
  9685 | D:8      | Found a radiant altar of Vehumet.
  9687 | D:8      | Found a shattered altar of Ashenzari.
  9689 | D:8      | Found an iron altar of Okawaru.
  9816 | D:8      | Noticed a two-headed ogre
  9821 | D:8      | Killed a two-headed ogre
  9821 | D:8      | Reached XP level 10. HP: 64/64 MP: 12/17
 10266 | D:9      | Reached skill level 12 in Stealth
 10266 | D:9      | Reached skill level 5 in Spellcasting
 10276 | D:8      | Reached skill level 5 in Ice Magic
 10377 | D:9      | Noticed a queen ant
 10399 | D:9      | Killed a queen ant
 10971 | D:9      | Reached skill level 13 in Stealth
 10989 | D:9      | Found a staircase to the Lair.
 11018 | D:9      | Reached skill level 5 in Fighting
 11143 | D:9      | Noticed a two-headed ogre
 11148 | D:9      | Noticed a two-headed ogre
 11149 | D:9      | Killed a two-headed ogre
 11149 | D:9      | Reached XP level 11. HP: 71/71 MP: 19/19
 11444 | D:9      | Killed a two-headed ogre
 11851 | Lair:1   | Entered Level 1 of the Lair of Beasts
 11851 | Lair:1   | Noticed a seven-headed hydra
 12274 | Lair:1   | Killed a seven-headed hydra
 12432 | Lair:1   | Reached skill level 14 in Stealth
 12582 | Lair:1   | Reached skill level 10 in Hexes
 13014 | Lair:1   | Noticed a four-headed hydra
 13016 | Lair:1   | Killed a four-headed hydra
 13159 | Lair:2   | Found a hole to the Spider Nest.
 13286 | Lair:2   | Noticed a five-headed hydra
 13298 | Lair:2   | Killed a five-headed hydra
 13394 | Lair:2   | Reached skill level 15 in Stealth
 13394 | Lair:2   | Reached XP level 12. HP: 79/79 MP: 12/21
 13400 | Lair:2   | Noticed an eight-headed hydra
 13407 | Lair:2   | Killed an eight-headed hydra
 14477 | Lair:3   | Noticed a death yak
 14480 | Lair:3   | Noticed a death yak
 14495 | Lair:2   | Killed a death yak
 14697 | Lair:2   | Killed a death yak
 14841 | Lair:3   | Noticed an eight-headed hydra
 14859 | Lair:3   | Killed an eight-headed hydra
 14859 | Lair:3   | Reached skill level 16 in Stealth
 15106 | Lair:3   | Noticed Prince Ribbit
 15115 | Lair:3   | Killed Prince Ribbit
 16536 | Lair:4   | Noticed a five-headed hydra
 16538 | Lair:4   | Killed a five-headed hydra
 16637 | Lair:4   | Reached XP level 13. HP: 86/86 MP: 22/24
 16706 | Lair:4   | Learned a level 8 spell: Infestation
 16707 | Lair:4   | Found a staircase to the Swamp.
 16980 | Lair:4   | Reached skill level 1 in Necromancy
 17231 | Lair:5   | Found a frozen archway.
 17234 | Lair:5   | Reached skill level 17 in Stealth
 17242 | IceCv    | Entered an ice cave
 18205 | IceCv    | Noticed a frost giant
 18618 | IceCv    | Killed a frost giant
 18920 | IceCv    | Got jewelled fire dragon scales
 18980 | Lair:5   | Identified the +6 fire dragon scales of Submission {rF++ rC- rN+ Dex+4} (You found it in an ice cave)
 19673 | Lair:6   | Entered Level 6 of the Lair of Beasts
 19886 | Lair:6   | Gained mutation: You cannot train Armour skill. [Ru sacrifice]
 19886 | Lair:6   | Reached ****** piety under Ru
 20026 | Lair:6   | Found a staircase to the Slime Pits.
 20147 | Lair:6   | Reached skill level 5 in Necromancy
 20172 | Lair:6   | Reached skill level 18 in Stealth
 20324 | Lair:6   | Reached skill level 10 in Dodging
 20517 | Lair:6   | Noticed Josephine
 20523 | Lair:5   | Killed Josephine
 21422 | Lair:5   | Reached XP level 14. HP: 78/94 MP: 2/25
 22453 | Lair:5   | Reached skill level 10 in Short Blades
 23772 | Lair:6   | Reached skill level 19 in Stealth
 25154 | D:10     | Entered Level 10 of the Dungeon
 25618 | D:10     | Found a glowing golden altar of the Shining One.
 26253 | D:11     | Noticed Snorg
 26279 | D:11     | Killed Snorg
 26612 | D:11     | Noticed Nergalle
 26623 | D:11     | Killed Nergalle
 26872 | D:11     | Noticed Gastronok
 27526 | D:11     | Found a roughly hewn altar of Beogh.
 27526 | D:11     | Found a staircase to the Orcish Mines.
 27643 | D:11     | Killed Gastronok
 28078 | Orc:1    | Entered Level 1 of the Orcish Mines
 28652 | Orc:1    | Found a roughly hewn altar of Beogh.
 28960 | Orc:2    | Entered Level 2 of the Orcish Mines
 28960 | Orc:2    | Noticed an orc warlord
 28988 | Orc:1    | Killed an orc warlord
 29176 | Orc:2    | Reached skill level 20 in Stealth
 29341 | Orc:1    | Reached XP level 15. HP: 101/101 MP: 21/26
 29469 | Orc:2    | Found Liykop's Jewellery Boutique.
 29561 | Orc:2    | Noticed Erolcha
 29757 | Orc:2    | Noticed Nessos
 29850 | Orc:1    | Killed Erolcha
 29878 | Orc:2    | Killed Nessos
 30059 | Orc:2    | Bought a +5 ring of intelligence for 659 gold pieces
 30059 | Orc:2    | Bought the ring of Awe {*Drain rF+ MP+9 Str+2 Slay+2} for 656 gold pieces
 30128 | Orc:2    | Found a staircase to the Elven Halls.
 30281 | Orc:2    | Noticed Rupert
 30724 | Orc:2    | Killed Rupert
 31167 | Orc:2    | Found Eleilosa's Distillery.
 31167 | Orc:2    | Found Befuffuck's Book Shop.
 31169 | Orc:2    | Found Asuinoah's Food Boutique.
 31171 | Orc:2    | Found Cugirrea's Weapon Shoppe.
 31175 | Orc:2    | Bought a potion of heal wounds for 60 gold pieces
 31596 | D:12     | Found a sparkling altar of Nemelex Xobeh.
 31926 | D:12     | Got an encrusted leather armour
 31928 | D:12     | Identified the +1 leather armour of Terror {rN++} (You found it on level 12 of the Dungeon)
 32094 | D:12     | Found Orghitooh's Serpentskin Sales.
 32600 | D:13     | Reached skill level 10 in Necromancy
 32873 | D:13     | Found a basalt altar of Yredelemnul.
 33121 | D:13     | Found a gate to the Vaults.
 34122 | D:14     | Noticed Kirke
 34131 | D:14     | Killed Kirke
 34230 | D:14     | Reached skill level 21 in Stealth
 34483 | D:14     | Noticed xccam's ghost (journeyman FoFi)
 34509 | D:14     | Killed xccam's ghost
 34998 | D:15     | Entered Level 15 of the Dungeon
 35018 | D:15     | Found a staircase to the Depths.
 35074 | D:15     | Found a portal to a secret trove of treasure.
 35140 | D:15     | Found Jacatare's Gadget Emporium.
 35160 | D:15     | Reached skill level 10 in Fighting
 35869 | Trove    | Entered a treasure trove
 35888 | Trove    | Got a shimmering cloak
 35892 | Trove    | Got an ancient scale mail
 35896 | Trove    | Got a bloodstained crystal plate armour
 35922 | Trove    | Got a vibrating lead amulet
 36180 | D:8      | Fell from the grace of Ru
 36180 | D:8      | Became a worshipper of Kikubaaqudgha
 36257 | Lair:1   | Identified the +0 cloak "Ubiticw" {Dex+3} (You found it in a treasure trove)
 36267 | Lair:1   | Identified the +4 scale mail "Casaill" {rF+ rCorr} (You found it in a treasure trove)
 36287 | Lair:1   | Identified the +1 crystal plate armour of Amorality {rElec rPois Stlth+} (You found it in a treasure trove)
 36303 | Lair:1   | Identified the amulet "Ususeusch" {Inacc rElec Int+3 Stlth+} (You found it in a treasure trove)
 36316 | Lair:1   | Reached XP level 16. HP: 109/109 MP: 27/27
 36317 | Lair:1   | Reached XP level 17. HP: 115/115 MP: 28/28
 36347 | Spider:1 | Entered Level 1 of the Spider Nest
 36359 | Spider:1 | Reached XP level 18. HP: 118/120 MP: 22/29
 36921 | Spider:1 | Reached * piety under Kikubaaqudgha
 36921 | Spider:1 | Identified Kikubaaqudgha's Handbook of Sinister Rituals (Kikubaaqudgha gifted it to you on level 1 of the Spider Nest)
 36921 | Spider:1 | Received a gift from Kikubaaqudgha
 37874 | Spider:1 | Reached ** piety under Kikubaaqudgha
 38644 | Swamp:1  | Entered Level 1 of the Swamp
 39427 | Swamp:1  | Reached skill level 22 in Stealth
 40750 | Spider:2 | Reached *** piety under Kikubaaqudgha
 40750 | Spider:2 | Identified Kikubaaqudgha's Tome of Necromancy (Kikubaaqudgha gifted it to you on level 2 of the Spider Nest)
 40750 | Spider:2 | Received a gift from Kikubaaqudgha
 40773 | Spider:2 | Learned a level 4 spell: Animate Dead
 40887 | Spider:2 | Noticed Azrael
 41433 | Spider:1 | Killed Azrael
 42392 | Spider:2 | Reached **** piety under Kikubaaqudgha
 43210 | Spider:2 | Learned a level 5 spell: Dispel Undead
 43216 | Spider:2 | Learned a level 5 spell: Agony
 44454 | Swamp:2  | Noticed a tentacled monstrosity
 44476 | Swamp:2  | Killed a tentacled monstrosity
 45434 | Swamp:2  | Noticed Donald
 45457 | Swamp:2  | Killed Donald
 45457 | Swamp:2  | Reached ***** piety under Kikubaaqudgha
 45457 | Swamp:2  | Reached skill level 15 in Necromancy
 47528 | Swamp:4  | Entered Level 4 of the Swamp
 47548 | Swamp:4  | Reached XP level 19. HP: 128/128 MP: 32/32
 48981 | Swamp:4  | Reached skill level 10 in Spellcasting
 49859 | Swamp:4  | Got a decaying rune of Zot
 50234 | Spider:4 | Entered Level 4 of the Spider Nest
 50397 | Spider:4 | Noticed Jorgrun
 51608 | Orc:2    | Bought a Grand Grimoire for 1435 gold pieces
 51613 | Orc:2    | Bought a potion of heal wounds for 60 gold pieces
 51741 | Elf:1    | Entered Level 1 of the Elven Halls
 51920 | Elf:1    | Reached ****** piety under Kikubaaqudgha
 51921 | Elf:1    | Received a gift from Kikubaaqudgha
 52454 | Elf:1    | Found Wueloat's Magic Scroll Shop.
 52459 | Elf:1    | Bought a scroll of enchant armour for 90 gold pieces
 52459 | Elf:1    | Bought a scroll of magic mapping for 42 gold pieces
 52459 | Elf:1    | Bought a scroll of magic mapping for 42 gold pieces
 52459 | Elf:1    | Bought a scroll of enchant weapon for 90 gold pieces
 53334 | Elf:1    | Reached skill level 23 in Stealth
 53592 | Elf:1    | Noticed Agnes
 53639 | Elf:1    | Killed Agnes
 54656 | Elf:1    | Found a runed door.
 54784 | Elf:1    | Got an encrusted short sword
 54785 | Elf:1    | Identified the +9 short sword of Xustriobb {venom, Str+5 Dex+2 SInv} (You found it on level 1 of the Elven Halls)
 56258 | Elf:2    | Found a runed gate.
 56259 | Elf:2    | Found a runed gate.
 56266 | Elf:2    | Found a runed gate.
 57613 | Elf:2    | Cast into level 3 of the Abyss (a deep elf sorcerer)
 57719 | Elf:2    | Escaped the Abyss
 58140 | Elf:2    | Reached XP level 20. HP: 76/136 MP: 35/35
 60031 | Spider:2 | Learned a level 5 spell: Borgnjor's Vile Clutch
 61376 | Spider:4 | Killed Jorgrun
 61376 | Spider:4 | Reached skill level 1 in Earth Magic
 61445 | Spider:4 | Noticed Arachne
 61459 | Spider:4 | Killed Arachne
 62997 | Spider:4 | Got a gossamer rune of Zot
 63759 | Depths:1 | Entered Level 1 of the Depths
 63995 | Depths:1 | Found Kazalup's Gadget Shoppe.
 63997 | Depths:1 | Found Koaroih's Jewellery Shop.
 63998 | Depths:1 | Found Haniec's Gadget Shoppe.
 64006 | Depths:1 | Bought an uncursed ring of resist corrosion for 260 gold pieces
 65071 | Depths:1 | Found a gateway to Hell.
 65541 | Depths:2 | Found a one-way gate to the infinite horrors of the Abyss.
 65610 | Depths:1 | Paralysed by a vampire knight for 5 turns
 67237 | Depths:2 | Noticed a caustic shrike
 67962 | Depths:2 | Paralysed by a sphinx for 2 turns
 68334 | Depths:2 | Reached XP level 21. HP: 140/144 MP: 37/37
 68346 | Depths:2 | Reached skill level 15 in Short Blades
 68460 | Depths:2 | Reached skill level 24 in Stealth
 68812 | Depths:2 | Killed from afar by a tengu reaver

Vault maps used:
D:1:      scummos_arrival_simple_fountains, st_stairs_6, minmay_misc_feat_room,
          minmay_cut_off
D:2:      nicolae_ru_awakened_eye
D:4:      wad_crossroads, lemuel_temple_firewalk_b
D:5:      kennysheep_little_box, first_ration, uniq_edmund, uniq_grinder
D:6:      basic_altar, kennysheep_okawaru_gauntlet
D:7:      cheibrodos_steamvent, basic_altar
D:8:      minitemple
D:9:      david_lair_shrubbed, minmay_another_anthill
D:10:     basic_altar, special_room
D:11:     david_orc_5, grunt_tengu_nest, uniq_nergalle, uniq_gastronok,
          uniq_snorg
D:12:     basic_altar, guppyfry_shop_venom
D:13:     david_vaults_5, basic_altar
D:14:     uniq_kirke
D:15:     grunt_enter_depths_hoard, serial_shops, nicolae_shop_statue_plus,
          nicolae_trove_entry_crystal, hangedman_decor_peaks_small
Lair:1:   cheibrodos_lair_lostbears, grunt_megastairs_1,
          infiniplex_staircase_pool
Lair:2:   spider_nest_entry_web_field, lab_entry_generic, guppyfry_lair_drakes
Lair:3:   lemuel_fruit_fields, grunt_megastairs_4, minmay_lair_oklob_chamber,
          uniq_prince_ribbit2
Lair:4:   cheibrodos_lair_river_kwai, minmay_swamp_entry_worms,
          roderic_carrion_pond, serial_bayou_shore_b, serial_bayou_shore_a
Lair:5:   portal_ice_cave_entry_pillars_2
Lair:6:   guppyfry_lair_end_dragon, hangedman_lair_in_review,
          minmay_slime_entry_jelly_boxes, uniq_josephine
Swamp:1:  nicolae_swamp_rocky_clearing, swamp_pool5
Swamp:2:  evilmike_swamp_ruin_house_5, infiniplex_staircase_pool_2, uniq_donald
Swamp:3:  evilmike_swamp_ruin_house_6
Swamp:4:  swamp_basic_johnstein
Spider:2: guppyfry_spider_mini_1, uniq_azrael
Spider:4: spider_rune_water, nicolae_spider_cling_ruins, uniq_arachne,
          uniq_jorgrun
Orc:1:    nicolae_orc_accident_2
Orc:2:    st_orc_rangers, serial_shops, shop, abandoned_shop, uniq_rupert,
          uniq_nessos, uniq_erolcha
Elf:1:    eino_elf_arrival_sip, serial_shops, nicolae_shop_waterfront,
          minmay_elf_crystal_hexagon, spider_trap, nicolae_elf_w_pinch,
          minivault_13, uniq_agnes
Depths:1: pf_coc_iceberg, serial_shops, bzr_entry_safe, patterned_corridor,
          kennysheep_nub, minivault_22, minmay_hedge_maze,
          minmay_misc_feat_square, kennysheep_generic_room_8, minmay_shop_grove
Depths:2: hangedman_pleasuredromes, serial_shops, abyss_entry, hell_entry
Trove:    trove_garden
IceCv:    ice_cave_caverns_03

Skill      XL: |  1  2  3  4  5  6  7  8  9 10 11 12 13 14 15 16 17 18 19 20 21 |
---------------+----------------------------------------------------------------+-----
Stealth        | 5 6 7 8 10 11 13 15 16 18 20 21 22 23 24 | 24.0
Ice Magic      | 1 2 3 4 5 6 |  6.0
Fighting       | 1 2 3 4 5 6 7 8 9 10 11 12 | 12.5
Hexes          | 5 6 7 8 9 10 11 | 11.9
Short Blades   | 2 3 4 5 6 7 8 9 10 11 12 13 14 15 | 15.1
Dodging        | 3 4 5 6 7 9 10 11 12 13 14 | 14.0
Shields        | 1 2 3 4 |  4.0
Spellcasting   | 3 4 5 6 7 9 11 12 | 12.8
Necromancy     | 6 9 12 13 15 16 17 | 17.9
Earth Magic    | 3 4 |  4.1

Action                   |  1- 3 |  4- 6 |  7- 9 | 10-12 | 13-15 | 16-18 | 19-21 || total
-------------------------+-------+-------+-------+-------+-------+-------+-------++-------
Melee: Dagger            |   152 |   122 |   346 |   386 |  1643 |   816 |   410 ||  3875
       Bite              |     6 |     7 |    43 |    63 |   262 |   124 |   272 ||   777
       Unarmed           |       |       |     2 |       |       |       |       ||     2
       Short sword       |       |       |       |       |       |       |   991 ||   991
 Cast: Corona            |    23 |     5 |     7 |       |     1 |    19 |    46 ||   101
       Ensorcelled Hiber |     4 |    12 |    44 |   122 |   263 |   134 |   247 ||   826
       Confuse           |       |     8 |    48 |    54 |   243 |   113 |   137 ||   603
       Animate Dead      |       |       |       |       |       |    14 |    25 ||    39
       Agony             |       |       |       |       |       |       |    10 ||    10
       Dispel Undead     |       |       |       |       |       |       |     1 ||     1
       Tukima's Dance    |       |       |       |       |       |       |     1 ||     1
Invok: Sacrifice Artific |       |     1 |       |       |       |       |       ||     1
       Sacrifice Health  |       |       |     1 |       |       |       |       ||     1
       Reject Sacrifices |       |       |       |     1 |       |       |       ||     1
       Apocalypse        |       |       |       |       |     1 |       |       ||     1
       Sacrifice Durabil |       |       |       |       |     1 |       |       ||     1
       Draw Out Power    |       |       |       |       |     1 |       |       ||     1
       Receive Necronomi |       |       |       |       |       |       |     1 ||     1
       Receive Corpses   |       |       |       |       |       |       |     5 ||     5
       Torment           |       |       |       |       |       |       |     1 ||     1
 Abil: End Transformatio |       |     1 |     1 |       |     6 |     2 |     2 ||    12
       Bat Form          |       |     1 |     1 |       |     6 |     2 |     2 ||    12
  Use: Scroll            |     4 |     7 |    13 |     9 |    25 |    11 |    26 ||    95
       Potion            |     1 |     5 |     6 |    10 |    25 |    29 |    44 ||   120
 Stab: Sleeping          |    14 |    30 |    39 |    98 |   222 |   108 |   148 ||   659
       Confused          |       |     4 |    22 |    29 |    89 |    59 |    67 ||   270
       Distracted        |       |       |     2 |     4 |    15 |     4 |     7 ||    32
       Invisible         |       |       |     1 |     2 |     9 |       |       ||    12
       Paralysed         |       |       |       |       |     4 |       |       ||     4
  Eat: Corpse            |       |       |       |     4 |     2 |     3 |       ||     9
Armor: Robe              |    32 |    16 |     6 |       |       |       |       ||    54
       Scale mail        |       |       |     6 |    48 |    16 |       |       ||    70
       Fire dragon scale |       |       |       |       |   234 |   339 |   407 ||   980
Dodge: Dodged            |   112 |    33 |    70 |   106 |   407 |   579 |   861 ||  2168
Block: Other             |    16 |     5 |     1 |       |     1 |       |     1 ||    24
       Buckler           |       |    16 |   135 |   182 |   804 |   714 |  1028 ||  2879
       Reflection        |       |       |     1 |     3 |    64 |     2 |    73 ||   143

Table legend:
 A = Spawn XP
 B = Non-spawn XP
 C = Spawn XP percentage of total XP
 D = Spawn monster count
 E = Non-spawn monster count
 F = Spawn count percentage of total count
 G = Total turns spent on level
                    A         B        C        D         E        F      G
               +---------+---------+-------+---------+---------+-------+---------
         Total |       0 |  464243 |   0.0 |       0 |    1426 |   0.0 | 68812
               +---------+---------+-------+---------+---------+-------+---------
           D:1 |       0 |      44 |   0.0 |       0 |      24 |   0.0 |  2203
           D:2 |       0 |      85 |   0.0 |       0 |      20 |   0.0 |  1074
           D:3 |       0 |     121 |   0.0 |       0 |      21 |   0.0 |   974
           D:4 |       0 |     585 |   0.0 |       0 |      17 |   0.0 |  1428
           D:5 |       0 |     976 |   0.0 |       0 |      26 |   0.0 |  1204
           D:6 |       0 |    1464 |   0.0 |       0 |      27 |   0.0 |  1558
           D:7 |       0 |    1270 |   0.0 |       0 |      23 |   0.0 |   899
           D:8 |       0 |    2516 |   0.0 |       0 |      31 |   0.0 |  1008
           D:9 |       0 |    6507 |   0.0 |       0 |      56 |   0.0 |  2277
          D:10 |       0 |    3501 |   0.0 |       0 |      52 |   0.0 |  1251
          D:11 |       0 |    9809 |   0.0 |       0 |      68 |   0.0 |  1701
          D:12 |       0 |    3150 |   0.0 |       0 |      28 |   0.0 |   981
          D:13 |       0 |   13352 |   0.0 |       0 |      44 |   0.0 |  1651
          D:14 |       0 |   15263 |   0.0 |       0 |      36 |   0.0 |  1181
          D:15 |       0 |    8899 |   0.0 |       0 |      25 |   0.0 |   937
        Lair:1 |       0 |    5821 |   0.0 |       0 |      20 |   0.0 |  1273
        Lair:2 |       0 |   10169 |   0.0 |       0 |      34 |   0.0 |  2040
        Lair:3 |       0 |    3698 |   0.0 |       0 |      13 |   0.0 |  1174
        Lair:4 |       0 |    8090 |   0.0 |       0 |      28 |   0.0 |  1858
        Lair:5 |       0 |   13594 |   0.0 |       0 |      29 |   0.0 |  2781
        Lair:6 |       0 |   17452 |   0.0 |       0 |      59 |   0.0 |  3262
       Swamp:1 |       0 |    9139 |   0.0 |       0 |      28 |   0.0 |   758
       Swamp:2 |       0 |   17043 |   0.0 |       0 |      35 |   0.0 |  2072
       Swamp:3 |       0 |   10593 |   0.0 |       0 |      31 |   0.0 |  1369
       Swamp:4 |       0 |   27513 |   0.0 |       0 |      57 |   0.0 |  2310
      Spider:1 |       0 |   23709 |   0.0 |       0 |      75 |   0.0 |  4299
      Spider:2 |       0 |   24967 |   0.0 |       0 |      63 |   0.0 |  3125
      Spider:3 |       0 |    9514 |   0.0 |       0 |      22 |   0.0 |  2014
      Spider:4 |       0 |   34429 |   0.0 |       0 |      75 |   0.0 |  1754
         Orc:1 |       0 |    7449 |   0.0 |       0 |      47 |   0.0 |  1889
         Orc:2 |       0 |    9682 |   0.0 |       0 |      61 |   0.0 |  1542
         Elf:1 |       0 |   38630 |   0.0 |       0 |      57 |   0.0 |  4085
         Elf:2 |       0 |   45133 |   0.0 |       0 |      62 |   0.0 |  3906
      Depths:1 |       0 |   40390 |   0.0 |       0 |      55 |   0.0 |  3971
      Depths:2 |       0 |   29504 |   0.0 |       0 |      37 |   0.0 |  1082
         IceCv |       0 |   10182 |   0.0 |       0 |      40 |   0.0 |  1706
               +---------+---------+-------+---------+---------+-------+---------
